 Dungeon Crawl Stone Soup version 0.20.1-1-g8b1a95d (webtiles) character file.

65 theRoog the Chopper (level 3, 0/33 HPs)
             Began as a Minotaur Berserker on July 28, 2017.
             Was a Believer of Trog.
             Slain by a hobgoblin (3 damage)
             ... led by Robin
             ... on level 2 of the Dungeon.
             The game lasted 00:03:06 (1651 turns).

theRoog the Chopper (Minotaur Berserker)            Turns: 1651, Time: 00:03:07

Health: 0/33       AC:  3    Str: 22    XL:     3   Next: 94%
Magic:  2/2        EV:  7    Int:  4    God:    Trog [**....]
Gold:   75         SH: 11    Dex:  9    Spells: 2/2 levels left

rFire    . . .     SeeInvis .   a - +0 hand axe
rCold    + . .     Gourm    .   n - +0 large shield
rNeg     . . .     Faith    .   k - +0 leather armour
rPois    .         Spirit   .   (helmet restricted)
rElec    .         Reflect  .   (no cloak)
rCorr    .         Harm     .   (no gloves)
MR       .....                  (no boots)
Stlth    +.........             (no amulet)
Regen    0.2/turn               i - ring of protection from cold
MPRegen  0.1/turn               (no ring)

@: berserk cooldown, slowed, very slow
A: retaliatory headbutt, horns 2
a: Berserk, Trog's Hand, Burn Spellbooks, Renounce Religion


You were on level 2 of the Dungeon.
You worshipped Trog.
Trog was pleased with you.
You were not hungry.

You visited 1 branch of the dungeon, and saw 2 of its levels.

You collected 75 gold pieces.

Inventory:

Hand Weapons
 a - a +0 hand axe (weapon)
Armour
 b - a +0 animal skin
 k - a +0 leather armour (worn)
 n - a +0 large shield (worn)
Jewellery
 i - a ring of protection from cold (left hand)
Scrolls
 d - a scroll of fog {unknown}
 f - a scroll of identify {unknown}
 g - 6 scrolls of recharging {unknown}
 h - 2 scrolls of amnesia {unknown}
 m - 2 scrolls of remove curse {unknown}
 o - a scroll of magic mapping {unknown}
Potions
 e - a potion of might {unknown}
 l - a potion of curing {unknown}
Comestibles
 c - a bread ration
 j - a royal jelly


   Skills:
 + Level 4.1 Fighting
 + Level 4.8 Axes
 + Level 2.6 Armour
 + Level 2.6 Dodging
 + Level 1.0 Stealth


You had 2 spell levels left.
You didn't know any spells.

Dungeon Overview and Level Annotations

Branches:
Dungeon (2/15)

Altars:

Annotations:
D:2 Robin


Innate Abilities, Weirdness & Mutations

You reflexively headbutt those who attack you in melee.
You have a pair of horns on your head.


Message History

The hobgoblin is severely wounded.
You hit the goblin. You block the hobgoblin's attack.
Your shield prevents you from hitting the hobgoblin.
The hobgoblin is severely wounded.
You hit the goblin.
You kill the goblin!
Trog accepts your kill.
You are no longer berserk.
You are exhausted.
You feel yourself slow down.
You see here a club.
You're too hungry.
Robin roars a battlecry!
Robin points. "Kill!"
You block the hobgoblin's attack. x2
The hobgoblin no longer looks unusually strong.
Robin zaps a wand.
You resist with significant effort.
You eat one of the 2 bread rations.
That bread ration really hit the spot!
The hobgoblin hits you.
You die...

#g# #.# #..#####.# #g#
########.###..# #.# #.#
#†)...........# #.# #.#
#)##########..# #.#
##.#.#.### #..#####..
..........# ##.......#
###.###...# ##.#.####
###.gg######## #.#.####
#.....@....... ........
#.#...###........#.####
#..#...# #######.#
#....... #.####
#....... ##.....
#..###.# ......† #..
..# .###### #. ##


You could see Robin and a hobgoblin.

Vanquished Creatures
  A worm (D:1)
  2 leopard geckos (D:1)
  5 bats
  8 giant cockroaches
  11 goblins
  9 hobgoblins
  5 frilled lizards
  5 kobolds (D:1)
  9 rats (D:1)
55 creatures vanquished.

Notes
Turn   | Place    | Note
-------+----------+-------------------------------------------
     0 | D:1      | theRoog the Minotaur Berserker began the quest for the Orb.
     0 | D:1      | Reached XP level 1. HP: 19/19 MP: 0/0
    98 | D:1      | Reached XP level 2. HP: 22/27 MP: 1/1
   505 | D:1      | Reached ** piety under Trog
   528 | D:1      | Reached XP level 3. HP: 12/33 MP: 2/2
  1550 | D:2      | Noticed Robin
  1631 | D:2      | HP: 2/49 [goblin/club[Robin] (5)]
  1636 | D:2      | Reached skill level 1 in Stealth
  1651 | D:2      | Slain by a hobgoblin

Skill      XL: |  1  2  3 |
---------------+----------+-----
Axes           | 4 |  4.8
Fighting       | 4 |  4.1
Stealth        | 1 |  1.0
Armour         | |  2.6
Dodging        | |  2.6

Action                   || total
-------------------------++-------
Melee: Hand axe          ||   111
       Headbutt          ||    13
       Unarmed           ||    33
Invok: Berserk           ||     1
 Stab: Distracted        ||     1
  Eat: Bread ration      ||     1
       Chunk             ||     1
Armor: Animal skin       ||    10
       Leather armour    ||    11
Dodge: Dodged            ||    82
Block: Large shield      ||    16
